Unix NetHack Version 5.0.0-0 post-release - last build Jul 14 2026 02:55:29 (1809b74e8187c3a3585e283601c3028b46cbbdcb,branch:main).

Game began 2026-07-15 07:48:51, ended 2026-07-15 08:23:48.

80percenthuman, chaotic female elven Wizard

                                         ----
                                ----------..|
                                |0.*..$...$$|
                                |.....-----$|
                                |..%..|   |$--
                                |....0|----$.|
                                |.....|<.$.$.|
                                ---.---------|
                                 |..--->---..|
                                 |.0.....*aaa|
                                 |.*.----v..a|
                                 |...|  |.a*a|
                                 -----  ------

80percenthuman the Thaumaturge  St:12 Dx:13 Co:15 In:18 Wi:9 Ch:12  Chaotic
Dlvl:6  $:233 HP:0(54) Pw:5(61) AC:9  Xp:6 T:3077  Lev

Latest messages:
 You get expelled!
 You cannot pass that way.
 Pick a monster, object or location.
 You swap places with the peaceful black unicorn.
 The killer bee misses!
 Pick a monster, object or location.
 The killer bee lunges wildly and misses!
 What do you want to read? [lmwDMO or ?*]
 As you read the scroll, it disappears.
 Your pair of elven boots smoulders!
 Your pair of elven boots smoulders further!
 Your cloak of magic resistance smoulders!
 What do you want to read? [lmwDM or ?*]
 As you read the scroll, it disappears.
 Your nose tingles and you smell food.
 (For instructions type a '?')
 Done.
 The killer bee stings!
 What do you want to read? [lmwM or ?*]
 As you read the scroll, it disappears.
 You feel very greedy.
 (For instructions type a '?')
 Done.
 The killer bee stings!
 The killer bee's sting was poisoned!
 The killer bee stings!
 You miss the killer bee.
 The killer bee stings!
 The killer bee stings!
 The killer bee stings!
 Pick a monster, object or location.
 You miss the killer bee.
 The killer bee stings!
 The killer bee stings!
 The killer bee's sting was poisoned!
 The killer bee stings!
 The killer bee stings!
 #
 Are you sure you want to pray? [yn] (n)
 You begin praying to Anhur.
 The killer bee stings!
 The killer bee's sting was poisoned!
 The killer bee stings!
 The killer bee stings!
 You die...
 Do you want your possessions identified? [ynq] (y)
 Do you want to see your attributes? [ynq] (y)
 Do you want an account of creatures vanquished? [ynaq] (y)
 Do you want to see your conduct and achievements? [ynq] (y)
 Do you want to see the dungeon overview? [ynq] (y)

Inventory:
 Coins    ('$')
  $ - 233 gold pieces
 Weapons  (')')
  a - a blessed +1 quarterstaff (weapon in hands)
 Armor    ('[')
  z - a cursed very burnt +0 pair of elven boots (being worn)
  G - an uncursed +0 cloak of invisibility
  b - an uncursed burnt +1 cloak of magic resistance (being worn)
  q - an uncursed +0 mummy wrapping
 Comestibles  ('%')
  r - 2 cursed cloves of garlic
  h - an uncursed food ration
  s - a cursed food ration
  k - 2 uncursed tripe rations
 Scrolls  ('?')
  w - an uncursed scroll of magic mapping
 Spellbooks  ('+')
  l - a blessed spellbook of force bolt
  m - an uncursed spellbook of healing
 Potions  ('!')
  g - 2 uncursed potions of blindness
  t - an uncursed potion of hallucination
 Rings    ('=')
  e - an uncursed ring of free action (on right hand)
  d - an uncursed ring of shock resistance
 Wands    ('/')
  c - a wand of light (0:13)
  f - a wand of light (0:11)
  v - a wand of sleep named paralyze (0:6)
 Tools    ('(')
  x - an empty uncursed sack
  p - an uncursed wooden harp
  o - an uncursed blindfold
  n - a magic marker (0:22)
 Gems/Stones  ('*')
  K - an uncursed worthless piece of orange glass

80percenthuman the Wizard's attributes:

Background:
 You were a Thaumaturge, a level 6 female elven Wizard.
 You were chaotic, on a mission for Anhur
 who was opposed by Ptah (lawful) and Thoth (neutral).
 You were left-handed.
 You were in Sokoban, on level 6.
 You entered the dungeon 3077 turns ago.
 There was a new moon in effect when your adventure ended.
 You had 398 experience points, 242 more were needed to attain level 7.

Basics:
 You had 0 out of 54 hit points.
 You had 5 out of 61 energy points (spell power).
 Your armor class was 9.
 Your wallet contained 233 zorkmids.
 Autopickup was off.

Final Characteristics:
 Your strength was 12 (limit:18).
 Your dexterity was 13 (limit:18).
 Your constitution was 15 (limit:16).
 Your intelligence was 18 (limit:20).
 Your wisdom was 9 (limit:20).
 Your charisma was 12 (limit:18).

Final Status:
 You were levitating.
 You weren't hungry.
 You were unencumbered.
 You were wielding a quarterstaff.
 You were skilled in quarterstaff.

Final Attributes:
 You were piously aligned.
 You were magic-protected.
 You were sleep resistant.
 You had infravision.
 You were invisible.
 You were stealthy.
 You were warded.
 You had free action.
 You were unlucky.
 You are dead.

Miscellaneous:
 You didn't encounter any bones levels.
 Total elapsed playing time was 34 minutes and 54 seconds.

Major events:
 Turn
    1: 80percenthuman the chaotic female elven Wizard entered the dungeon
  455: entered the Gnomish Mines
  921: attained the rank of Conjurer (level 3)
 2216: entered Sokoban
 2971: attained the rank of Thaumaturge (level 6)
 3077: killed by a killer bee, while praying

Spells:
 Name                 Level Category     Fail Retention
 force bolt             1   attack         0%   81%-90%
 healing                1   healing        0%  76%-100%

Skills:
 Fighting Skills
   bare handed combat [Unskilled]
   riding             [Unskilled]
 Weapon Skills
   dagger             [Unskilled]
   knife              [Unskilled]
   axe                [Unskilled]
   short sword        [Unskilled]
   club               [Unskilled]
   mace               [Unskilled]
   quarterstaff       [Skilled]
   polearms           [Unskilled]
   spear              [Unskilled]
   trident            [Unskilled]
   sling              [Unskilled]
   dart               [Unskilled]
   shuriken           [Unskilled]
 Spellcasting Skills
   attack spells      [Basic]
   healing spells     [Unskilled]
   divination spells  [Unskilled]
   enchantment spells [Basic]
   clerical spells    [Unskilled]
   escape spells      [Unskilled]
   matter spells      [Unskilled]

Voluntary challenges:
 Character rerolling was not enabled.
 You never genocided any monsters.
 You never polymorphed an object.
 You never changed form.
 You used no wishes.
 You violated the special Sokoban rules 4 times.
Achievements:
 You entered a shop.
 You entered the Gnomish Mines.
 You attained the rank of Conjurer.
 You entered Sokoban.
 You attained the rank of Thaumaturge.

 The Dungeons of Doom: levels 1 to 7
    Level 1:
       A fountain.
    Level 2:
       An armor shop, a fountain.
       Stairs down to The Gnomish Mines.
    Level 3:
    Level 4:
       A food shop, a sink.
    Level 5:
    Level 6:
    Level 7:
       Stairs up to Sokoban, level 6.
 The Gnomish Mines:
    Level 3:
 Sokoban:
    Level 6: <- You were here.
       Unsolved.
       Final resting place for
          you, killed by a killer bee, while praying.


Vanquished creatures:
  a leprechaun
  2 iron piercers
  a gnome mummy
  a water nymph
  a rock piercer
  3 fog clouds
  a shrieker
  a kobold mummy
  2 golden naga hatchlings
  a gray ooze
  a giant ant
  a kobold leader
  a rabid rat
  2 iguanas
  2 coyotes
  2 hobbits
  6 manes
  a large kobold
  a hobgoblin
  a cave spider
  a green mold
  2 red molds
  3 geckos
  3 jackals
  a kobold
  a sewer rat
  6 grid bugs
  2 lichens
51 creatures vanquished.

No species were genocided or became extinct.

Game over:
                       ----------
                      /          \
                     /    REST    \
                    /      IN      \
                   /     PEACE      \
                  /                  \
                  |  80percenthuman  |
                  |      233 Au      |
                  |   killed by a    |
                  |    killer bee    |
                  |                  |
                  |                  |
                  |       2026       |
                 *|     *  *  *      | *
        _________)/\\_//(\/(/\)/\//\/|_)_______

Goodbye 80percenthuman the Wizard...

You died in Sokoban on dungeon level 6 with 2162 points,
and 233 pieces of gold, after 3077 moves.
You were level 6 with a maximum of 54 hit points when you died.

